 Dungeon Crawl Stone Soup version 0.18-a0-1468-gaf180a1 (webtiles) character file.

93 Duffy the Conjurer (level 4, 24/24 HPs)
             Began as a Deep Elf Fire Elementalist on Mar 2, 2016.
             Quit the game on level 2 of the Dungeon.
             The game lasted 00:02:46 (2178 turns).

Duffy the Conjurer (Deep Elf Fire Elementalist)     Turns: 2178, Time: 00:02:46

Health: 24/24      AC:  3    Str:  5    XL:     4   Next: 37%
Magic:  11/11      EV: 13    Int: 20    God:
Gold:   47         SH:  0    Dex: 16    Spells: 3 memorised, 1 level left

rFire  . . .     SeeInvis .     k - +0 mace (holy)
rCold  . . .     Gourm    .     a - +0 robe
rNeg   . . .     Faith    .     (no shield)
rPois  .         Spirit   .     m - +0 helmet
rElec  .         Dismiss  .     (no cloak)
rCorr  .         Reflect  .     (no gloves)
SustAt .         Harm     .     (no boots)
MR     .....                    (no amulet)
Stlth  ++........               (no ring)
                                (no ring)

@: not resistant to hostile enchantments, unstealthy
A: no striking features
a: no special abilities


You were on level 2 of the Dungeon.
You were hungry.

You visited 1 branch of the dungeon, and saw 2 of its levels.

You collected 47 gold pieces.


   Skills:
 - Level 2.4 Dodging
 - Level 2.4 Stealth
 + Level 3.3 Spellcasting
 * Level 4.0 Conjurations
 * Level 3.8 Fire Magic


You had one spell level left.
You knew the following spells:

 Your Spells              Type           Power        Failure   Level  Hunger
a - Flame Tongue          Conj/Fire      ###..        2%          1    None
j - Sticky Flame          Conj/Fire      ###.....     30%         4    ####...
l - Conjure Flame         Conj/Fire      ###.....     10%         3    ###....

Inventory:

Hand Weapons
 k - a +0 mace of holy wrath (weapon)
Armour
 a - a +0 robe (worn)
 m - a +0 helmet (worn)
 o - a storm dragon hide
Scrolls
 d - a scroll of remove curse {unknown}
 e - a scroll of identify {unknown}
 f - a scroll of blinking {unknown}
 g - a scroll of magic mapping {unknown}
 j - 4 scrolls of teleportation {unknown}
 l - a scroll of fear {unknown}
 q - a scroll of immolation {unknown}
Potions
 h - 2 potions of curing
 n - a potion of flight {unknown}
Books
 b - a book of Flames
Comestibles
 c - 3 bread rations
 i - a meat ration
 p - a beef jerky

Dungeon Overview and Level Annotations

Branches:
Dungeon (2/15)

Altars:
Vehumet


Message History

Adjust which spell? b - Sticky Flame Adjust to which letter? j - Sticky Flame
Found a storm dragon hide.
Found a beef jerky.
Found a stone staircase leading up.
You see here a storm dragon hide.
o - a storm dragon hide You are feeling hungry.
Found a hand axe.
p - a beef jerky
Found a stone staircase leading down.
Found a dagger.
Found a radiant altar of Vehumet.
q - a scroll labeled BESECWOE JOAWYREA An adder comes into view.
Cast which spell? (? or * to list)
Aiming: Flame Tongue
Press: ? - help, Shift-Dir - straight line, f - adder
Aim: an adder (resting)
The flame tongue hits the adder.
You kill the adder!
Cast which spell? (? or * to list)
You can't see any susceptible monsters within range! (Use Z to cast anyway.) Cast which spell? (? or * to list)
You can't see any susceptible monsters within range! (Use Z to cast anyway.) Cast which spell? (? or * to list)
You can't see any susceptible monsters within range! (Use Z to cast anyway.) Unknown command.
You start resting.
Magic restored.
You drop a scroll labeled BESECWOE JOAWYREA.
You see here a scroll labeled BESECWOE JOAWYREA.
q - a scroll labeled BESECWOE JOAWYREA
There is a radiant altar of Vehumet here.
Are you sure you want to abandon this character and quit the game? (Confirm with "yes".)

.# .........#
.# # #######..#
.###### #.
#.....# .#~~~~#
#..####.##>.#
.#~.#~#
###...........#
.'.#.~#
......#...#...#
##~~~~#
###..###.###..#
#######
#...#...#...#
.#
#.....@.....#
##
#...#)..#...# #
#..###.###..# #
.... ...# ..# #
###. ..... .#
#### #. ###..##
# .....# # .##
.###.# .# ....


There were no monsters in sight!

Action                   |  1- 3 |  4- 6 || total
-------------------------+-------+-------++-------
 Cast: Flame Tongue      |    75 |     4 ||    79
  Eat: Chunk             |     2 |     1 ||     3

Notes
Turn   | Place    | Note
--------------------------------------------------------------
     0 | D:1      | Duffy the Deep Elf Fire Elementalist began the quest for the Orb.
     0 | D:1      | Reached XP level 1. HP: 10/10 MP: 6/6
    51 | D:1      | Reached skill level 2 in Conjurations
   140 | D:1      | Reached XP level 2. HP: 15/15 MP: 5/8
   651 | D:1      | Reached skill level 3 in Conjurations
   760 | D:2      | Reached XP level 3. HP: 19/19 MP: 6/9
   961 | D:2      | Learned a level 3 spell: Conjure Flame
  1010 | D:2      | Noticed Robin
  1857 | D:2      | Killed Robin
  1857 | D:2      | Reached XP level 4. HP: 11/24 MP: 7/10
  2086 | D:2      | Reached skill level 4 in Conjurations
  2092 | D:2      | Learned a level 4 spell: Sticky Flame
  2153 | D:2      | Found a radiant altar of Vehumet.
  2178 | D:2      | Quit the game

Vault maps used:
D:1:      mrwooster_arrival_statue_3
D:2:      vehumet_crystals, first_bread, kennysheep_generic_room_14, uniq_robin

Vanquished Creatures
  Robin
  3 adders
  2 giant geckos
  5 bats
  A giant cockroach
  15 goblins
  7 hobgoblins
  4 jackals
  5 kobolds
  A giant newt
  4 rats
48 creatures vanquished.
